AoeStats
← Lord_Juanuribe

Arabia

510195377Analyzed
3v3 RM · 2d ago on Sep 29, 2026· 18m 28s· 6 players
Game mode
Random Map
Map size
Normal (6 player)
Population
200
Speed
Normal
Resources
Standard
Victory
Conquest
Starting age
Dark Age
Ending age
Imperial Age
RankedLock teamsTeams togetherTeam positionsShared explorationLock speedFull tech treeHidden civsTurbo modeCheats
Victory
Defeat
🇨🇴 Franks · Colombia
1696
+4
🇨🇴 Ethiopians · Colombia
1465
+8
🇦🇷 Britons · Argentina
1207
+19
🇫🇷 Ethiopians · France
1365
-13
🇨🇴 Franks · Colombia
1304
-10
🇦🇷 Khmer · Argentina
1262
-8
Lord_Juanuribe
6:15 Loom
9:15 Feudal Age
9:50 Double-Bit Axe
16:51 Scale Barding Armor
16:57 Forging
Dedpool_Aoe
7:04 Loom
9:23 Feudal Age
10:23 Double-Bit Axe
14:14 Fletching
16:36 Padded Archer Armor
18:23 Wheelbarrow
Aldeano sin Telar
7:55 Feudal Age
8:31 Double-Bit Axe
13:48 Horse Collar
VL Formolin
6:38 Loom
8:52 Feudal Age
9:29 Double-Bit Axe
17:20 Fletching
VL Retember
9:03 Feudal Age
9:06 Loom
9:31 Double-Bit Axe
15:34 Wheelbarrow
19:47 Castle Age
18:06 Gold Mining
18:31 Scale Barding Armor
19:08 Forging
VL marianinka
7:15 Loom
9:56 Feudal Age
10:32 Double-Bit Axe
18:01 Gold Mining
18:04 Fletching
Connection lost

Rejoining the realm…

Still unreachable

The connection could not be restored.

Session expired

The server has moved on; the page needs a fresh start.